AoeStats
← noobgamer

Arabian Desert

510543277Analyzed
1v1 RM · 2d ago on Oct 1, 2026· 16m 54s· 2 players
Game mode
Random Map
Map size
Tiny (2 player)
Population
200
Speed
Normal
Resources
Standard
Victory
Conquest
Starting age
Dark Age
Ending age
Imperial Age
RankedLock teamsTeams togetherTeam positionsShared explorationLock speedFull tech treeHidden civsTurbo modeCheats
Victory
Defeat
🇨🇳 Teutons · China
901
+17
🇹🇼 Britons · Taiwan
914
-17
noobgamer
0:27 Loom
11:14 Feudal Age
11:18 Man-at-Arms
11:47 Double-Bit Axe
12:47 Horse Collar
小刀開狙鏡
3:55 Loom
10:50 Feudal Age
11:25 Double-Bit Axe
12:07 Horse Collar
14:28 Man-at-Arms
Connection lost

Rejoining the realm…

Still unreachable

The connection could not be restored.

Session expired

The server has moved on; the page needs a fresh start.